 Dungeon Crawl Stone Soup version 0.31.0-11-ge490571c62 (webtiles) character file.

Game seed: 16085621211812012972

28 Arctor the Grave Robber (level 2, 0/15 HPs)
             Began as a Deep Elf Necromancer on Jan 30, 2024.
             Slain by a ribbon worm (7 damage)
             ... on level 2 of the Dungeon.
             The game lasted 00:01:18 (709 turns).

Arctor the Grave Robber (Deep Elf Necromancer)       Turns: 709, Time: 00:01:18

Health: 0/15       AC:  2    Str:  5    XL:     2   Next: 96%
Magic:  8/8        EV: 13    Int: 19    God:
Gold:   93         SH:  0    Dex: 15    Spells: 7/8 levels left

rFire   . . .        k - +1 dagger (venom)
rCold   . . .        (no shield)
rNeg    . . .        a - +0 robe
rPois   .            (no helmet)
rElec   .            (no cloak)
rCorr   .            (no gloves)
SInv    .            (no boots)
Will    .....        (no amulet)
Stlth   ++           (no ring)
HPRegen 0.22/turn    (no ring)
MPRegen 0.11/turn

%: no passive effects
@: no status effects
A: no striking features
a: no special abilities


You were on level 2 of the Dungeon.
You visited 1 branch of the dungeon, and saw 2 of its levels.

You collected 93 gold pieces.

Inventory:

Hand Weapons
 c - a +0 short sword
 k - a +1 dagger of venom (weapon)
Armour
 a - a +0 robe (worn)
Scrolls
 d - a scroll of enchant armour
 f - a scroll of amnesia
 h - a scroll of brand weapon {unknown}
 i - a scroll of summoning {unknown}
 l - a scroll of vulnerability {unknown}
Potions
 b - a potion of magic
 e - a potion of attraction {unknown}
 j - 3 potions of enlightenment {unknown}
 m - 2 potions of berserk rage {unknown}


   Skills:
 + Level 0.2 Fighting
 + Level 0.3 Short Blades
 + Level 2.8 Dodging
 + Level 3.0 Stealth
 + Level 3.5 Spellcasting
 + Level 5.1 Necromancy


You had 7 spell levels left.
You knew the following spells:

 Your Spells              Type           Power      Damage    Failure   Level
a - Necrotise             Necr           88%        1d8       1%          1

Your spell library contained the following spells:

 Spells                   Type           Power      Damage    Failure   Level
 Sublimation of Blood     Necr           22%        N/A       2%          2
 Vampiric Draining        Necr           22%        2d7       5%          3
 Animate Dead             Necr           22%        N/A       17%         4
 Call Imp                 Summ           6%         N/A       22%         2
 Curse of Agony           Necr           22%        N/A       43%         5
 Summon Hydra             Summ           1%         N/A       100%        7


Dungeon Overview and Level Annotations

Branches:
Dungeon (2/15)

Altars:

Shops:
D:1 *


Message History

A ball python comes into view.
A ball python is nearby!
The ball python hisses angrily.
A ball python is nearby!
The ball python barely misses you. The ball python closely misses you.
The ball python bites you but does no damage.
The ball python grabs you. The ball python constricts you.
You hit the ball python.
The ball python is poisoned.
The ball python is severely wounded.
You kill the ball python!
A ribbon worm comes into view.
You see here a ball python corpse.
A ribbon worm is nearby!
A ribbon worm is nearby!
A ribbon worm is nearby!
The ribbon worm bites you!
You completely miss the ribbon worm.
The ribbon worm expels a string of sticky webbing.
The stream of webbing hits you but does no damage.
You are caught in a web!
A ribbon worm is nearby!
You are caught in a web!
A ribbon worm is nearby!
You are caught in a web!
You are caught in a web!
Unknown command.
You struggle to detach yourself from the web.
The ribbon worm bites you but does no damage.
You struggle to detach yourself from the web.
The ribbon worm bites you.
The web tears apart.
You hit the ribbon worm.
The ribbon worm is poisoned.
The ribbon worm is lightly wounded.
The ribbon worm closely misses you.
You hit the ribbon worm but do no damage.
The ribbon worm looks even sicker.
The ribbon worm is lightly wounded.
A hobgoblin comes into view.
The ribbon worm bites you!
You die...

#........ #........
#........ #.†......
#........ ####
###########........
.....#.....##..........(
........................
......w@...†...#[.......
####.#......#g.#........
######.#..##.#####.
..#....†### #.
####.......# #.
#..#..#.###.
.....#.....###
####.#.##.)..# #. #.##..


You could see a ribbon worm (very poisoned) and a hobgoblin (wandering).

Vanquished Creatures
  3 bats
  3 endoplasms
  5 goblins
  3 hobgoblins
  A quokka (D:2)
  4 ball pythons
  A frilled lizard (D:1)
  2 kobolds (D:1)
  2 rats (D:1)
24 creatures vanquished.

Vanquished Creatures (collateral kills)
  A hobgoblin (D:1)
1 creature vanquished.

Grand Total: 25 creatures vanquished

Notes
Turn   | Place    | Note
-------+----------+-------------------------------------------
     0 | D:1      | Arctor the Deep Elf Necromancer began the quest for the
                  | Orb.
     0 | D:1      | Reached XP level 1. HP: 10/10 MP: 6/6
   107 | D:1      | Reached XP level 2. HP: 15/15 MP: 8/8
   171 | D:1      | Found Bidwehy's Assorted Antiques.
   189 | D:1      | Reached skill level 5 in Necromancy
   709 | D:2      | Slain by a ribbon worm

Illustrated notes

Levels and vault maps discovered:
D:1:      roadster_arrival_rocket_large, layout_rooms, serial_shops,
          nicolae_shop_rolling_square
D:2:      layout_basic

Skill      XL: |  1  2 |
---------------+-------+-----
Necromancy     | 5 |  5.1
Stealth        | 3 |  3.0
Fighting       | |  0.2
Short Blades   | |  0.3
Dodging        | |  2.8
Spellcasting   | |  3.5

Action                     || total
---------------------------++-------
  Melee: Unarmed           ||     4
         Short sword       ||     9
         Dagger            ||    32
   Cast: Necrotise         ||    13
    Use: Scroll            ||     2
   Stab: Sleeping          ||     1
 Armour: Robe              ||    23
  Dodge: Dodged            ||    36
